 Dungeon Crawl Stone Soup version 0.22-a0-266-g5fdf0d7 (webtiles) character file.

5911 ohad the Grappler (level 10, -4/147 HPs)
             Began as a Troll Monk on Mar 8, 2018.
             Was an Elder of Okawaru.
             Slain by an eight-headed hydra (8 damage)
             ... on level 9 of the Dungeon.
             The game lasted 00:22:45 (7943 turns).

ohad the Grappler (Troll Monk)                      Turns: 7943, Time: 00:22:46

Health: -4/147     AC:  9    Str: 26    XL:     10   Next: 53%
Magic:  10/11      EV: 16    Int:  6    God:    Okawaru [****..]
Gold:   98         SH:  0    Dex: 15    Spells: 9/9 levels left

rFire    . . .     SeeInvis .     - Unarmed
rCold    . . .     Gourm    +   (no shield)
rNeg     . . .     Faith    .   K - +0 troll leather armour
rPois    +         Spirit   .   (helmet restricted)
rElec    .         Reflect  .   l - +0 cloak
rCorr    +         Harm     .   (gloves unavailable)
MR       .....                  (boots unavailable)
Stlth    ..........             G - amulet of rage
HPRegen  1.14/turn              J - ring of poison resistance
MPRegen  0.12/turn              r - ring of resist corrosion

@: berserking, heroism, very quick
A: large, unfitting armour, claws 3, fast metabolism 3, gourmand, regeneration
1, shaggy fur 1, tough skin 2
a: Heroism, Renounce Religion, Evoke Berserk Rage


You were on level 9 of the Dungeon.
You worshipped Okawaru.
Okawaru was greatly pleased with you.
You were full.

You visited 2 branches of the dungeon, and saw 10 of its levels.

You collected 290 gold pieces.
You spent 192 gold pieces at shops.

Inventory:

Hand Weapons
 y - a +0 flail
 C - a +0 dire flail
 F - a +0 giant club
 P - a +0 hand crossbow
Missiles
 m - 8 javelins (quivered)
 n - 135 bolts
 t - 58 poisoned needles
 H - 2 throwing nets
Armour
 a - a +0 robe
 l - a +0 cloak (worn)
 K - a +0 troll leather armour (worn)
Magical Staves
 L - an uncursed staff of death {unknown}
Jewellery
 r - a ring of resist corrosion (right claw)
 s - an uncursed ring of magical power
 A - a +3 ring of intelligence
 G - an amulet of rage (around neck)
 I - an uncursed ring of flight
 J - a ring of poison resistance (left claw)
 N - an uncursed ring of protection from cold {unknown}
Wands
 f - a wand of flame (33)
 x - a wand of paralysis (17)
Scrolls
 e - 4 scrolls of remove curse
 j - a scroll of silence
 k - 2 scrolls of fear {unknown}
 o - 3 scrolls of blinking {unknown}
 p - a scroll of amnesia {unknown}
 q - 6 scrolls of teleportation
 v - 2 scrolls of enchant weapon
 B - a scroll of magic mapping
 E - 3 scrolls of fog
 M - 3 scrolls of identify
 O - a scroll of vulnerability {unknown}
Potions
 c - 4 potions of lignification
 d - 3 potions of heal wounds
 g - a potion of mutation
 h - a potion of might
 i - 2 potions of haste
 u - 3 potions of brilliance
 w - 3 potions of curing
 z - 2 potions of cancellation
 D - a potion of resistance
Comestibles
 b - 31 rations
 Q - 3 chunks of flesh


   Skills:
 - Level 6.0(11.0) Fighting
 - Level 2.3(7.3) Armour
 - Level 5.0(10.0) Dodging
 - Level 1.0(6.0) Stealth
 + Level 12.0(17.0) Unarmed Combat
 - Level 2.3 Invocations
 - Level 3.5 Evocations


You had 9 spell levels left.
You didn't know any spells.

Dungeon Overview and Level Annotations

Branches:
Dungeon (9/15)             Temple (1/1) D:7
   Lair: D:8-11         Orc: D:9-12

Altars:
Cheibriados
Dithmenos
Fedhas
Gozag
Hepliaklqana
Kikubaaqudgha
Makhleb
Nemelex Xobeh
Okawaru
Qazlal
Ru
Sif Muna
Trog
Vehumet
Wu Jian
Xom
Yredelemnul
Zin

Shops:
D:8 ?

Annotations:
D:9 1 runed door


Innate Abilities, Weirdness & Mutations

You are too large for most types of armour.
You have claws for hands.
Your metabolism is lightning-fast.
You like to eat raw meat.
Your natural rate of healing is unusually fast.
You are covered in fur. (AC +1)
You have very tough skin. (AC +2)


Message History

The six-headed hydra misses you. x2; The six-headed hydra bites you.
* * * LOW HITPOINT WARNING * * *
The big kobold completely misses you.
You tear one of the six-headed hydra's heads off!
The five-headed hydra grows two more!
You claw the seven-headed hydra!
Your claw misses the seven-headed hydra.
The seven-headed hydra is heavily wounded.
Unknown command.
You tear one of the seven-headed hydra's heads off!
The six-headed hydra grows two more!
You scratch the eight-headed hydra.
The eight-headed hydra is heavily wounded.
The eight-headed hydra bites you!
* * * LOW HITPOINT WARNING * * *
The eight-headed hydra bites you!
* * * LOW HITPOINT WARNING * * *
The eight-headed hydra barely misses you.
The eight-headed hydra bites you but does no damage.
The eight-headed hydra barely misses you.
The eight-headed hydra bites you!
You die...

##....#### #.######
#.#..## #......#
.###.##### ######.#
#.#......# #.#
##..####.# ####.####
#..# #.# #....<..#
##..####.# #.#####.#
.......#.###########
#.#
##.###.#.##.(..(@D.#
#.# #.#
#.#.##.....#K)# #.#
#.#
#.#.###'''###+#####.#
##.#
#.#.##.....P≈.#.....#
...#
#.#.##.....≈≈P#.....#
#..#
#.#^.#..P..P≈≈####..#
#.## #.##.#......≈P#
#..#
#.####.##.#.≈.≈.≈PP#
#..##
#......##.####.#####
#...#


You could see an eight-headed hydra and a big kobold.

Vanquished Creatures
  A komodo dragon (D:9)
  A troll (D:6)
  A meliai (D:9)
  Prince Ribbit (D:8)
  2 dream sheep (D:9)
  2 yaks (D:9)
  A steam dragon (D:8)
  3 orc warriors
  4 ice beasts
  A black bear (D:9)
  A sky beast (D:7)
  3 phantoms (D:9)
  5 ogres
  A centaur (D:7)
  The ghost of Soeti the Insei, an amateur OpTm (D:3)
  3 big kobolds (D:9)
  10 bullfrogs
  4 scorpions
  A water moccasin skeleton (D:7)
  4 wights (D:6)
  5 howler monkeys
  2 crimson imps
  6 hounds
  8 orc wizards
  3 orc priests
  A jelly (D:6)
  A centaur skeleton (D:4)
  2 iguanas
  5 worker ants
  2 killer bee zombies
  2 hound zombies
  A hound skeleton (D:5)
  A worker ant zombie (D:8)
  5 adders
  8 gnolls
  4 oozes
  An adder zombie (D:7)
  A worm (D:2)
  13 leopard geckos
  20 orcs
  2 ball pythons (D:4)
  5 bats
  5 giant cockroaches
  10 goblins
  4 hobgoblins
  6 jackals
  9 kobolds
  5 quokkas
  6 frilled lizards
  2 jackal skeletons
  A quokka skeleton (D:7)
  9 rats
205 creatures vanquished.

Notes
Turn   | Place    | Note
-------+----------+-------------------------------------------
     0 | D:1      | ohad the Troll Monk began the quest for the Orb.
     0 | D:1      | Reached XP level 1. HP: 22/22 MP: 0/0
    61 | D:1      | Reached XP level 2. HP: 29/29 MP: 1/1
   160 | D:1      | Reached skill level 4 in Unarmed Combat
   331 | D:1      | Reached XP level 3. HP: 36/36 MP: 2/2
  1620 | D:3      | Reached skill level 5 in Unarmed Combat
  1620 | D:3      | Reached XP level 4. HP: 44/44 MP: 3/3
  1904 | D:3      | Reached XP level 5. HP: 50/50 MP: 4/4
  1979 | D:3      | Noticed Soeti's ghost (amateur OpTm)
  1986 | D:3      | Killed Soeti's ghost
  1986 | D:3      | Reached skill level 6 in Unarmed Combat
  2235 | D:3      | Reached XP level 6. HP: 59/59 MP: 5/5
  2247 | D:3      | Reached skill level 7 in Unarmed Combat
  2710 | D:4      | Reached skill level 8 in Unarmed Combat
  2710 | D:4      | Reached XP level 7. HP: 66/66 MP: 6/6
  2784 | D:4      | Found a hazy altar of Hepliaklqana.
  3453 | D:5      | Entered Level 5 of the Dungeon
  3893 | D:5      | Found a bloodstained altar of Trog.
  4085 | D:5      | Reached skill level 9 in Unarmed Combat
  4383 | D:6      | Reached XP level 8. HP: 68/74 MP: 7/7
  4448 | D:6      | Reached skill level 10 in Unarmed Combat
  4501 | D:6      | Found a glowing silver altar of Zin.
  4680 | D:6      | Reached skill level 5 in Dodging
  4806 | D:6      | Found an ornate altar of the Wu Jian Council.
  5025 | D:6      | Reached skill level 1 in Evocations
  5254 | D:6      | Noticed a troll
  5264 | D:6      | HP: 2/74 [troll (6)]
  5581 | D:7      | Reached XP level 9. HP: 75/80 MP: 8/10
  5649 | D:7      | Found a staircase to the Ecumenical Temple.
  5656 | Temple   | Entered the Ecumenical Temple
  5730 | Temple   | Became a worshipper of Warmaster Okawaru
  5730 | Temple   | Reached * piety under Okawaru
  5730 | Temple   | Reached ** piety under Okawaru
  5875 | D:6      | Killed a troll
  6001 | D:7      | Reached skill level 1 in Armour
  6583 | D:8      | Found Lybo's Magic Scroll Shop.
  6591 | D:8      | Bought a scroll of identify for 24 gold pieces
  6591 | D:8      | Bought 2 scrolls of identify for 48 gold pieces
  6591 | D:8      | Bought a scroll of identify for 24 gold pieces
  6591 | D:8      | Bought a scroll of identify for 24 gold pieces
  6591 | D:8      | Bought a scroll of teleportation for 36 gold pieces
  6591 | D:8      | Bought a scroll of remove curse for 36 gold pieces
  6873 | D:8      | Noticed Prince Ribbit
  6888 | D:8      | Killed Prince Ribbit
  6888 | D:8      | Reached skill level 5 in Fighting
  6952 | D:8      | Found a shadowy altar of Dithmenos.
  7279 | D:9      | Found a runed door.
  7304 | D:9      | Noticed a komodo dragon
  7315 | D:9      | Killed a komodo dragon
  7315 | D:9      | Reached *** piety under Okawaru
  7360 | D:9      | Reached XP level 10. HP: 98/98 MP: 11/11
  7507 | D:9      | Found a runed door.
  7518 | D:9      | Reached skill level 11 in Unarmed Combat
  7742 | D:9      | Reached **** piety under Okawaru
  7901 | D:9      | Reached skill level 12 in Unarmed Combat
  7931 | D:9      | Noticed a three-headed hydra
  7943 | D:9      | HP: 4/147 [eight-headed hydra (9)]
  7943 | D:9      | Slain by an eight-headed hydra

Vault maps used:
D:1:      sevenhm_arrival_forest_fort_small_3, roderic_roman_lattice
D:4:      lemuel_doored_altar
D:5:      first_ration, trog_butcher_becter
D:6:      lemuel_crystal_altar, lemuel_crystal_altar
D:7:      temple_statues
D:8:      grunt_dithmenos_smoke, serial_shops,
          nicolae_shop_temple_entry_statues_fountains, uniq_prince_ribbit1
D:9:      cheibrodos_histonic, david_lair_shrubbed, hangedman_ranch
Temple:   regret_index_temple_mists

Skill      XL: |  1  2  3  4  5  6  7  8  9 10 |
---------------+-------------------------------+-----
Unarmed Combat | 4 5 6 8 9 10 12 | 12.0
Dodging        | 5 |  5.0
Evocations     | 3 |  3.5
Invocations    | 2 |  2.3
Armour         | 2 |  2.3
Fighting       | 6 |  6.0
Stealth        | |  1.0

Action                   |  1- 3 |  4- 6 |  7- 9 | 10-12 || total
-------------------------+-------+-------+-------+-------++-------
Melee: Unarmed           |    82 |   114 |   280 |    80 ||   556
       Punch             |     2 |     3 |    12 |     6 ||    23
Invok: Heroism           |       |       |     3 |     2 ||     5
 Abil: Evoke Berserk Rag |       |       |     2 |     2 ||     4
  Use: Scroll            |       |     5 |     9 |       ||    14
       Potion            |       |       |     3 |       ||     3
 Stab: Sleeping          |     5 |       |     4 |       ||     9
  Eat: Chunk             |    20 |    10 |    44 |     3 ||    77
Armor: Robe              |    24 |    43 |    47 |       ||   114
       Troll leather arm |       |       |    22 |    24 ||    46
Dodge: Dodged            |    31 |    53 |   137 |    59 ||   280

Table legend:
 A = Spawn XP
 B = Non-spawn XP
 C = Spawn XP percentage of total XP
 D = Spawn monster count
 E = Non-spawn monster count
 F = Spawn count percentage of total count
 G = Total turns spent on level
                    A         B        C        D         E        F      G
               +---------+---------+-------+---------+---------+-------+---------
         Total |       0 |    8445 |   0.0 |       0 |     205 |   0.0 |  7943
               +---------+---------+-------+---------+---------+-------+---------
           D:1 |       0 |      60 |   0.0 |       0 |      22 |   0.0 |   830
           D:2 |       0 |      28 |   0.0 |       0 |      16 |   0.0 |   727
           D:3 |       0 |     389 |   0.0 |       0 |      36 |   0.0 |   841
           D:4 |       0 |     364 |   0.0 |       0 |      13 |   0.0 |  1055
           D:5 |       0 |     368 |   0.0 |       0 |      20 |   0.0 |   915
           D:6 |       0 |    1601 |   0.0 |       0 |      25 |   0.0 |  1272
           D:7 |       0 |    1174 |   0.0 |       0 |      32 |   0.0 |   793
           D:8 |       0 |     996 |   0.0 |       0 |      15 |   0.0 |   751
           D:9 |       0 |    3465 |   0.0 |       0 |      26 |   0.0 |   675
               +---------+---------+-------+---------+---------+-------+---------
